Map: 아크로폴리스 - 래더

Players

DnS - Winner!

  • Race: Protoss Protoss
  • Spawn Location: 5:00

RlSky (RiSky)

  • Race: Zerg Zerg
  • League: Master
  • Spawn Location: 11:00

Event: HomeStory Cup XIX

VOD

Have the link to the VOD?

Description

Time

  • Played on: June 27, 2019, 1:14 p.m.
  • Length: 7:47

All games in this series

Show
View Real Time Build Order
Export as new Build Order

DnS Protoss - Winner!

Build Orders: 1 Gate Expand, Oracle Opening 

Get SALT Encoding   

  12  0:01  Probe  
  13  0:13  Probe  
  14  0:21  Pylon  
  14  0:25  Probe  
  15  0:35  Probe  
  16  0:43  Probe, Gateway  
  17  0:53  Assimilator, Probe  
  18  1:05  Probe  
  19  1:17  Probe  
  20  1:25  Nexus  
  20  1:36  Cybernetics Core  
  20  1:39  Probe  
  21  1:45  Assimilator  
  21  1:51  Probe  
  22  1:55  Pylon  
  22  2:03  Probe  
  22  2:04  Adept  
  25  2:16  Probe  
  25  2:20  Stargate  
  26  2:28  Probe  
  22  2:30  Warp Gate  
  27  2:34  Probe  
  27  2:36  Probe  
  27  2:39  Stalker  
  27  2:42  Probe  
  31  2:44  Probe  
  33  2:51  Probe  
  33  2:54  Probe  
  35  3:02  Oracle  
  35  3:03  Probe  
  36  3:06  Probe  
  40  3:23  Probe x2  
  40  3:26  Gateway  
  40  3:27  Pylon  
  40  3:29  Adept  
  42  3:35  Probe, Oracle  
  42  3:36  Probe, Assimilator  
  42  3:38  Assimilator  
  44  3:47  Pylon  
  47  3:50  Probe  
  47  3:51  Probe  
  47  3:55  Gateway  
  49  4:04  Gateway  
  49  4:06  Probe x2  
  51  4:11  Twilight Council  
  51  4:18  Probe  
  51  4:23  Adept x2  
  56  4:24  Probe  
  56  4:26  Pylon  
  56  4:29  Resonating Glaives  
  56  4:30  Probe  
  56  4:46  Probe  
  56  4:47  Robotics Facility  
  56  4:52  Adept x3  
  62  4:59  Adept, Pylon  
  62  5:22  Adept x2  
  62  5:23  Adept x2  
  62  5:26  Warp Prism  
  70  5:30  Pylon  
  70  5:38  Pylon  
  70  5:41  Pylon  
  72  5:44  Sentry x3  
  78  5:55  Immortal  
  80  6:06  Probe, Pylon  
  80  6:09  Adept x4  
  83  6:20  Probe, Nexus  
  78  6:29  Immortal  
  78  6:36  Gateway  
  78  6:38  Gateway  
  76  6:41  Gateway  
  76  6:49  Gateway  
  76  6:50  Sentry x2  
  76  6:51  Adept x2  
  82  6:58  Immortal  
  82  7:02  Pylon  
  82  7:12  Stalker x2  
  90  7:16  Stalker x2  
  94  7:26  Probe x2  
  96  7:37  Stalker x5  
Show
View Real Time Build Order
Export as new Build Order

RlSky Zerg 

Build Orders: Hatch First 

Get SALT Encoding   

  12  0:00  Drone  
  13  0:11  Overlord  
  13  0:16  Drone  
  14  0:30  Drone x2  
  16  0:45  Drone  
  16  0:46  Drone  
  18  0:54  Hatchery  
  17  0:57  Drone  
  17  1:00  Extractor  
  17  1:12  Spawning Pool  
  17  1:15  Drone  
  17  1:19  Drone  
  18  1:27  Drone  
  19  1:37  Overlord  
  19  1:48  Drone  
  20  1:59  Queen  
  20  2:00  Zergling x2  
  20  2:01  Metabolic Boost  
  23  2:06  Zergling x2  
  23  2:07  Queen  
  26  2:11  Drone  
  27  2:17  Drone  
  27  2:21  Drone  
  29  2:27  Drone  
  30  2:35  Hatchery  
  29  2:39  Drone  
  29  2:42  Zergling x2  
  31  2:47  Queen  
  31  2:51  Drone  
  34  2:54  Drone  
  34  2:57  Overlord  
  35  3:02  Drone  
  35  3:19  Drone  
  36  3:23  Drone x2  
  36  3:25  Drone x2  
  39  3:29  Drone  
  39  3:32  Spore Crawler  
  39  3:36  Zergling x4  
  39  3:41  Drone x2  
  43  3:45  Overlord  
  43  3:46  Overlord  
  43  3:50  Drone  
  43  3:52  Spore Crawler  
  43  3:53  Drone  
  44  4:00  Drone x2  
  46  4:04  Drone x4  
  46  4:08  Spore Crawler  
  49  4:10  Drone x2  
  49  4:12  Drone  
  49  4:13  Drone  
  49  4:14  Lair  
  49  4:17  Drone  
  54  4:19  Spore Crawler  
  54  4:20  Drone  
  54  4:21  Drone  
  54  4:22  Drone  
  54  4:23  Drone  
  55  4:25  Drone  
  55  4:27  Queen  
  58  4:31  Drone  
  58  4:32  Zergling x6  
  58  4:35  Overlord  
  60  4:40  Drone  
  60  4:42  Drone  
  60  4:44  Zergling x4  
  60  4:45  Zergling x4  
  65  4:49  Extractor  
  65  4:50  Roach Warren  
  65  4:51  Drone, Extractor  
  63  4:55  Overlord  
  63  4:56  Drone x2  
  63  4:59  Drone  
  66  5:01  Drone  
  66  5:02  Drone  
  66  5:06  Overlord  
  67  5:13  Overlord  
  66  5:15  Zergling x2  
  66  5:16  Zergling x2  
  66  5:20  Zergling x2  
  66  5:21  Zergling x6  
  70  5:27  Zergling x4  
  72  5:29  Overlord  
  72  5:30  Glial Reconstitution  
  72  5:31  Roach  
  72  5:32  Roach  
  78  5:35  Roach  
  78  5:38  Roach  
  78  5:39  Roach x2  
  78  5:42  Roach  
  86  5:46  Roach  
  90  5:50  Roach  
  90  5:54  Roach  
  86  5:58  Roach  
  83  6:04  Roach x2  
  83  6:05  Roach  
  83  6:09  Roach x3  
  83  6:18  Drone x3  
  82  6:27  Drone x2  
  80  6:33  Drone  
  80  6:34  Drone  
  80  6:37  Drone  
  80  6:38  Drone  
  84  6:42  Drone  
  84  6:44  Drone x4  
  85  6:49  Drone  
  85  6:50  Drone  
  85  6:52  Drone  
  85  6:53  Drone  
  87  6:55  Extractor  
  87  6:56  Extractor  
  87  6:57  Drone  
  87  6:59  Drone, Extractor, Spire  
  84  7:04  Drone  
  84  7:06  Drone x2  
  84  7:08  Drone x2  
  89  7:10  Drone  
  89  7:11  Drone  
  89  7:13  Overlord  
  89  7:14  Drone  
  94  7:20  Overlord  
  94  7:22  Drone  
  93  7:24  Drone  
  93  7:27  Evolution Chamber  
  93  7:29  Drone  
  93  7:45  Hatchery  
Tags
 
Add a new tag
Caveats
  • Supply blocks, unpowered buildings, or Contaminate may cause inaccurate times.
  • Supply counts are checked every 10 seconds.